 Dungeon Crawl Stone Soup version 0.27.0-66-gdc8fb28755 (webtiles) character file.

Game seed: 2971575819702728777

18848 pkoi the Grappler (level 12, -6/100 HPs)
             Began as a Troll Gladiator on Aug 19, 2021.
             Was an Elder of Qazlal.
             Killed from afar by an ogre mage (24 damage)
             ... with a bolt of magma
             ... in a volcano.
             The game lasted 00:17:13 (9215 turns).

pkoi the Grappler (Troll Gladiator)                 Turns: 9215, Time: 00:17:14

Health: -6/100     AC:  7    Str: 26    XL:     12   Next: 31%
Magic:  2/18       EV: 11    Int:  7    God:    Qazlal [****..]
Gold:   1338       SH: 10    Dex:  7    Spells: 15/17 levels left

rFire    + . .     SeeInvis .     - Unarmed
rCold    + . .     Faith    .   (no shield)
rNeg     . . .     Spirit   .   u - +2 robe of Sask {rPois rC+ Dex-4}
rPois    +         Reflect  +   b - +0 hat
rElec    .         Harm     .   l - +0 cloak
rCorr    .         Rampage  .   (gloves unavailable)
Will     .....                  (boots unavailable)
Stlth    +.........             p - amulet of reflection
HPRegen  1.26/turn              e - ring of protection from fire
MPRegen  0.16/turn              s - ring of wizardry

@: brilliant, wereblooded, repel missiles
A: large, unfitting armour, claws 3, regeneration 1, shaggy fur 1, tough skin 1
a: Renounce Religion, Upheaval, Elemental Force


You were in a volcano.
You worshipped Qazlal.
Qazlal was greatly pleased with you.
You visited 3 branches of the dungeon, and saw 12 of its levels.
You visited the Abyss 1 time.
You also visited: Bailey and Volcano.

You collected 1859 gold pieces.
You spent 521 gold pieces at shops.

Inventory:

Missiles
 c - 4 throwing nets (quivered)
 h - 18 poisoned darts
 x - 7 boomerangs
Armour
 b - a +0 hat (worn)
 l - a +0 cloak (worn)
 t - a +0 robe of fire resistance
 u - the +2 robe of Sask (worn) {rPois rC+ Dex-4}
   (You found it on level 6 of the Dungeon)

   Dex:       It affects your dexterity (-4).
   rC:        It protects you from cold.
   rPois:     It protects you from poison.
Jewellery
 e - a ring of protection from fire (left claw)
 p - an amulet of reflection (around neck)
 s - a ring of wizardry (right claw)
Wands
 a - a wand of mindburst (18)
 j - a wand of polymorph (8)
 r - a wand of flame (77)
 y - a wand of iceblast (7)
Scrolls
 g - a scroll of brand weapon
 n - a scroll of identify
 q - 8 scrolls of teleportation
 v - a scroll of enchant weapon
 C - a scroll of fog
 D - a scroll of silence
 E - a scroll of fear
 F - 3 scrolls of blinking
Potions
 d - 5 potions of curing
 f - a potion of might
 i - 2 potions of flight
 k - a potion of cancellation
 m - 2 potions of brilliance
 o - 2 potions of attraction {unknown}
 w - 2 potions of mutation {unknown}
 z - a potion of magic
 A - 5 potions of heal wounds {unknown}
 B - 2 potions of invisibility {unknown}
 G - a potion of haste {unknown}
Miscellaneous
 H - a phantom mirror


   Skills:
 - Level 1.5 Fighting
 - Level 1.7 Throwing
 + Level 8.5 Dodging
 + Level 12.0 Unarmed Combat
 - Level 3.2 Spellcasting
 - Level 3.9 Transmutations
 + Level 10.6 Invocations


You had 15 spell levels left.
You knew the following spells:

 Your Spells              Type           Power      Damage    Failure   Level
a - Wereblood             Tmut           10%        N/A       4%          2

Your spell library contained the following spells:

 Spells                   Type           Power      Damage    Failure   Level
 Beastly Appendage        Tmut           20%        N/A       2%          1
 Foxfire                  Conj/Fire      4%         2x1d4     14%         1
 Spider Form              Tmut/Pois      2%         N/A       17%         3
 Slow                     Hex            1%         N/A       21%         2
 Confusing Touch          Hex            1%         N/A       38%         3
 Conjure Flame            Conj/Fire      1%         6-21      38%         3
 Inner Flame              Hex/Fire       1%         N/A       38%         3
 Ozocubu's Armour         Ice            1%         N/A       38%         3
 Summon Guardian Golem    Hex/Summ       1%         N/A       38%         3
 Tukima's Dance           Hex            1%         N/A       38%         3
 Airstrike                Air            0%         N/A       77%         4
 Passage of Golubria      Tloc           N/A        N/A       77%         4
 Summon Lightning Spire   Summ/Air       1%         N/A       77%         4
 Yara's Violent Unravell  Hex/Tmut       2%         3d3       82%         5
 Lightning Bolt           Conj/Air       0%         1d11      97%         5
 Orb of Destruction       Conj           0%         N/A       100%        7
 Ozocubu's Refrigeration  Ice            0%         4d5       100%        7
 Spellforged Servitor     Conj/Summ      0%         N/A       100%        7
 Storm Form               Tmut/Air       2%         N/A       100%        7
 Maxwell's Capacitive Co  Air            0%         ∞         100%        8


Dungeon Overview and Level Annotations

Branches:
Dungeon (10/15)            Temple (1/1) D:4            Lair (1/6) D:9
 Bailey (visited)         Volcano (1/1)
    Orc: D:9-12

Altars:
Ashenzari
Cheibriados
Dithmenos
Elyvilon
Fedhas
Gozag
Hepliaklqana
Kikubaaqudgha
Makhleb
Nemelex Xobeh
Okawaru
Qazlal
Ru
Sif Muna
Trog
Uskayaw
Vehumet
Wu Jian
Xom
Yredelemnul
Zin
The Shining One

Shops:
D:1 ?   D:4 *   D:6 (


Innate Abilities, Weirdness & Mutations

You are too large for most types of armour.
You have claws for hands.
Your natural rate of healing is unusually fast.
You are covered in fur. (AC +1)
You have tough skin. (AC +1)


Message History

The two-headed ogre hits you with a +1 great mace of flaming!!
The two-headed ogre burns you.
* * * LOW HITPOINT WARNING * * *
You barely miss the two-headed ogre.
The two-headed ogre is almost dead.
Something hits you!
* * * LOW HITPOINT WARNING * * *
Something burns you.
* * * LOW HITPOINT WARNING * * *
Unknown command.
Aiming: Upheaval
Press: ? - help, Dir - move target, f - two-headed ogre
Aim: a two-headed ogre, wielding two +0 giant clubs of flaming (heavily wounded)
The ground shakes violently, spewing rubble!
The blast of rubble hits the two-headed ogre!!!
You feel a bit better.
You kill the two-headed ogre!
Qazlal accepts your kill.
The blast of rubble hits the two-headed ogre!!
The two-headed ogre is almost dead.
You howl as the wereblood boils in your veins!
You block something's attack.
Unknown command.
You claw the two-headed ogre!
You feel a bit better.
You kill the two-headed ogre!
Qazlal accepts your kill.
Your Unarmed Combat skill increases to level 12!
Something hits you.
* * * LOW HITPOINT WARNING * * *
Items here: )))) †.
You mangle something!! You claw something. Something hits you.
* * * LOW HITPOINT WARNING * * *
Okay, then.
Unknown command.
It was a potion of brilliance.
You feel clever all of a sudden.
You hear some strange, mumbled words.
A bolt of magma appears from out of thin air!
The bolt of magma hits you!! You partially resist.
You die...

°≈≈..§§°≈≈≈≈≈≈≈§§§§≈≈≈≈≈≈§≈§≈§°§§
§..≈≈..☼................§≈§≈≈°≈≈°
§≈≈≈§..☼########'########.≈≈≈≈°°°
§≈§≈§§≈.# #.# #.≈○°§≈≈≈ §°≈.≈≈°.#
#.# #○§§≈≈≈≈≈ §§.≈≈≈§.# #.#
#.≈§≈≈≈≈≈ §..§§≈≈.# #.# #.§§≈≈≈≈≈
§§§≈§≈≈.######.#.#.######.§§≈≈≈§≈
≈≈§§≈≈≈.#......#@#......#.§≈≈≈≈≈§
≈≈§§≈≈≈.###++###{###++###.§§≈§≈≈≈
≈≈§≈≈≈≈.# ... #.≈§≈≈§≈§ §§§≈≈≈≈.#
.8_8. #.≈§§≈≈≈≈ ≈≈§≈≈≈≈§# '.....+
#.≈§≈≈≈≈§
≈≈§§≈≈§.#################.≈§§§≈≈§
≈≈≈≈≈§≈§.........§§..§....≈≈§≈≈§≈
≈≈≈§≈§≈≈≈§≈≈§≈≈§≈≈§§≈§§§§≈≈≈≈≈≈§§
°≈§§°≈≈≈≈○≈≈§≈§≈§≈§§≈§≈§≈≈≈≈≈≈§§≈


There were no monsters in sight!

Vanquished Creatures
  Erolcha (D:10)
  5 two-headed ogres
  A wizard (D:10)
  A cyclops (D:10)
  Joseph (D:7)
  A komodo dragon (Lair:1)
  4 cane toads
  2 kobold demonologists
  An efreet (D:10)
  Prince Ribbit (D:7)
  A hornet (D:7)
  A wyvern (D:10)
  10 humans (D:8)
  29 yaks
  6 water moccasins
  An ice beast (D:8)
  8 orc warriors
  5 black bears
  3 sky beasts
  A centaur (D:7)
  2 necrophages (D:7)
  9 bullfrogs
  A gnoll sergeant (D:9)
  2 scorpions
  A wyvern zombie (D:7)
  10 killer bees
  3 howler monkeys
  A vampire bat (D:4)
  3 wights (D:6)
  2 centaur zombies
  7 lava snakes (Volcano)
  Crazy Yiuf (D:2)
  3 centaur skeletons
  5 hounds
  3 jellies
  A bullfrog skeleton (D:6)
  A gnoll shaman (D:6)
  3 iguanas
  3 orc wizards
  2 killer bee zombies (D:8)
  Robin (D:2)
  2 howler monkey skeletons
  6 gnolls
  8 adders
  2 shadow imps
  A white imp (D:7)
  An ufetubus (D:4)
  An adder skeleton (D:5)
  A dart slug (D:1)
  4 fire bats
  51 orcs
  2 spectral bats (D:4)
  16 bats
  3 bat skeletons (D:4)
  A bat zombie (D:4)
  5 endoplasms
  3 giant cockroaches
  8 hobgoblins
  6 jackals
  6 quokkas
  5 ball pythons
  A bat simulacrum (D:4)
  4 frilled lizards
  16 goblins
  11 kobolds
  5 rats
316 creatures vanquished.

Vanquished Creatures (others)
  29 fungi (D:9)
  21 plants
50 creatures vanquished.

Grand Total: 366 creatures vanquished

Notes
Turn   | Place    | Note
-------+----------+-------------------------------------------
     0 | D:1      | pkoi the Troll Gladiator began the quest for the Orb.
     0 | D:1      | Reached XP level 1. HP: 19/19 MP: 0/0
   169 | D:1      | Found a faded altar of an unknown god.
   186 | D:1      | Became a worshipper of Qazlal Stormbringer
   186 | D:1      | Reached * piety under Qazlal
   220 | D:1      | Reached XP level 2. HP: 27/27 MP: 1/1
   228 | D:1      | Found Asyqie's Magic Scroll Shop.
   615 | D:2      | Reached skill level 1 in Invocations
   615 | D:2      | Reached XP level 3. HP: 31/33 MP: 2/2
   617 | D:2      | Reached skill level 4 in Unarmed Combat
   789 | D:2      | Reached ** piety under Qazlal
   840 | D:2      | Noticed Robin
   871 | D:2      | Reached XP level 4. HP: 13/41 MP: 4/4
   883 | D:2      | HP: 1/41 [Robin (5)]
   887 | D:2      | Killed Robin
  1230 | D:2      | Found a runed translucent door.
  1231 | D:2      | Noticed Crazy Yiuf
  1522 | D:2      | Killed Crazy Yiuf
  1523 | D:2      | Reached XP level 5. HP: 20/48 MP: 5/5
  1816 | D:3      | Reached *** piety under Qazlal
  1970 | D:3      | Reached skill level 5 in Unarmed Combat
  2221 | D:4      | Found a staircase to the Ecumenical Temple.
  2237 | Temple   | Entered the Ecumenical Temple
  2597 | D:4      | Reached XP level 6. HP: 55/55 MP: 7/7
  3011 | D:4      | Found Yniniar's Assorted Antiques.
  3085 | D:5      | Entered Level 5 of the Dungeon
  3129 | D:5      | Noticed a sky beast
  3134 | D:5      | Reached skill level 6 in Unarmed Combat
  3144 | D:5      | Killed a sky beast
  3145 | D:5      | Reached XP level 7. HP: 53/62 MP: 9/9
  3220 | D:5      | Reached **** piety under Qazlal
  3593 | D:5      | Learned a level 2 spell: Wereblood
  3650 | D:6      | Reached skill level 5 in Invocations
  3658 | D:6      | Reached skill level 7 in Unarmed Combat
  3718 | D:6      | Identified the +2 robe of Sask {rPois rC+ Dex-4}
  3827 | D:6      | Reached XP level 8. HP: 70/70 MP: 11/11
  3844 | D:6      | Found Tikeaxt's Weapon Shoppe.
  4218 | D:7      | Noticed Prince Ribbit
  4236 | D:7      | Killed Prince Ribbit
  4240 | D:7      | Reached skill level 1 in Transmutations
  4266 | D:7      | Reached skill level 8 in Unarmed Combat
  4266 | D:7      | Reached skill level 1 in Spellcasting
  4333 | D:7      | Noticed Joseph
  4346 | D:7      | Killed Joseph
  4347 | D:7      | Reached XP level 9. HP: 47/76 MP: 12/12
  4844 | D:7      | Found a sacrificial altar of Ru.
  5433 | D:8      | Reached skill level 9 in Unarmed Combat
  5456 | D:8      | Reached XP level 10. HP: 85/85 MP: 14/14
  5479 | D:8      | Reached skill level 5 in Dodging
  5506 | D:8      | Reached ***** piety under Qazlal
  6286 | D:9      | Found a flagged portal.
  6300 | Bailey   | Entered a bailey
  6499 | Bailey   | Noticed an orc knight
  6506 | Bailey   | HP: 3/85 [orc warrior (35)]
  6573 | D:9      | Acquired 1181 gold pieces
  6611 | D:9      | Reached skill level 10 in Unarmed Combat
  6726 | D:9      | Reached XP level 11. HP: 57/92 MP: 16/16
  6770 | D:9      | Noticed a two-headed ogre
  6793 | D:9      | Killed a two-headed ogre
  6950 | D:9      | Found a staircase to the Lair.
  7384 | D:1      | Bought a scroll of silence for 90 gold pieces
  7384 | D:1      | Bought a scroll of fear for 42 gold pieces
  7384 | D:1      | Bought a scroll of identify for 24 gold pieces
  7384 | D:1      | Bought a scroll of blinking for 90 gold pieces
  7466 | D:4      | Bought a scroll of blinking for 165 gold pieces
  7466 | D:4      | Bought a scroll of teleportation for 66 gold pieces
  7466 | D:4      | Bought a scroll of identify for 44 gold pieces
  7774 | D:10     | Entered Level 10 of the Dungeon
  7774 | D:10     | Noticed a wizard
  7778 | D:10     | Noticed Erolcha
  7780 | D:10     | Cast into level 2 of the Abyss (Erolcha)
  7811 | D:10     | Escaped the Abyss
  7813 | D:10     | Killed a wizard
  7816 | D:10     | Killed Erolcha
  7997 | D:10     | Reached skill level 11 in Unarmed Combat
  8199 | Lair:1   | Entered Level 1 of the Lair of Beasts
  8250 | D:9      | Reached skill level 10 in Invocations
  8562 | Lair:1   | Reached XP level 12. HP: 91/100 MP: 18/18
  8683 | Lair:1   | Found a dark tunnel.
  8744 | Lair:1   | Found a sparkling altar of Nemelex Xobeh.
  8824 | Volcano  | Entered a volcano
  9199 | Volcano  | Found a radiant altar of Vehumet.
  9199 | Volcano  | Noticed an ogre mage
  9200 | Volcano  | Noticed a two-headed ogre
  9200 | Volcano  | Noticed a two-headed ogre
  9200 | Volcano  | Noticed a two-headed ogre
  9204 | Volcano  | Noticed a two-headed ogre
  9206 | Volcano  | Killed a two-headed ogre
  9206 | Volcano  | Killed a two-headed ogre
  9210 | Volcano  | Killed a two-headed ogre
  9212 | Volcano  | Killed a two-headed ogre
  9213 | Volcano  | Reached skill level 12 in Unarmed Combat
  9215 | Volcano  | Killed from afar by an ogre mage

Illustrated notes

Levels and vault maps discovered:
D:1:      minmay_arrival_nine_rooms, layout_basic, serial_shops, shop,
          shapermc_ecumenical_altar_ellora, minivault_27
D:2:      layout_loops_ring, uniq_robin, uniq_crazy_yiuf_cottage
D:3:      layout_loops_ring
D:4:      layout_rooms, minmay_temple_entry_mist, serial_shops, shop,
          goddamned_bats
D:5:      layout_rooms, grunt_decor_arrowhead
D:6:      layout_rooms, serial_shops, nicolae_shop_statue_plus
D:7:      layout_basic, mainiacjoe_overflow_small_starburst, st_stairs_14,
          uniq_prince_ribbit1, uniq_joseph
D:8:      erik_cavepeople, layout_basic
D:9:      layout_gridville, due_lair_maze_entry_diamond, enter_bailey_3
D:10:     layout_cave_pools, david_orc_2, minivault_20, grunt_decor_one_mirror,
          wad_mini_maze, uniq_erolcha
Temple:   nicolae_temple_the_god_donut
Lair:1:   layout_hall_layers, basic_altar, enter_volcano_1, beast_lair_carwin_5
Volcano:  volcano_lake [vl_original]

Skill      XL: |  1  2  3  4  5  6  7  8  9 10 11 12 |
---------------+-------------------------------------+-----
Invocations    | 1 2 3 4 5 6 7 8 10 | 10.6
Unarmed Combat | 4 5 6 7 8 9 10 11 12 | 12.0
Dodging        | 3 4 6 8 |  8.5
Transmutations | 1 3 |  3.9
Spellcasting   | 1 2 3 |  3.2
Fighting       | |  1.5
Throwing       | |  1.7

Action                   |  1- 3 |  4- 6 |  7- 9 | 10-12 || total
-------------------------+-------+-------+-------+-------++-------
Melee: Unarmed           |    97 |   188 |   212 |   445 ||   942
       Punch             |       |     4 |     8 |    17 ||    29
 Cast: Wereblood         |       |       |     2 |    11 ||    13
Invok: Upheaval          |       |     1 |       |    14 ||    15
  Use: Scroll            |     2 |     7 |     2 |     4 ||    15
       Potion            |       |       |       |     1 ||     1
 Stab: Invisible         |       |     1 |       |       ||     1
Armor: Robe              |    47 |    99 |    33 |   103 ||   282
Dodge: Dodged            |    58 |   120 |    53 |   171 ||   402
       Repelled          |       |       |     1 |     7 ||     8
Block: Other             |     6 |    40 |    74 |   241 ||   361
       Reflection        |       |       |     5 |     2 ||     7
